 Dungeon Crawl Stone Soup version 0.28.0-62-gf88900778d (webtiles) character file.

Game seed: 4935999868698939002

14603 cbfl8 the Cleaver (level 11, -9/97 HPs)
             Began as a Minotaur Fighter on Sept 13, 2023.
             Was an Initiate of Hepliaklqana.
             Mangled by a large abomination (24 damage)
             ... on level 2 of the Abyss.
             The game lasted 00:23:21 (17666 turns).

cbfl8 the Cleaver (Minotaur Fighter)               Turns: 17666, Time: 00:23:21

Health: -9/97      AC: 13    Str: 16      XL:     11   Next: 90%
Magic:  0/8        EV:  3    Int:  5      God:    Hepliaklqana [......]
Gold:   1317       SH: 16    Dex: 14 (15) Spells: 10/10 levels left

rFire   + + .      SeeInvis .   a - +0 war axe (freeze)
rCold   + . .      Faith    .   r - +0 tower shield
rNeg    . . .      Spirit   .   w - +0 plate armour
rPois   +          Reflect  .   (helmet restricted)
rElec   .          Harm     .   p - scarf {rC+ rF+}
rCorr   .          Rampage  .   v - +0 pair of gloves
Will    .....                   c - +0 pair of boots
Stlth   ..........              (no amulet)
HPRegen 1.86/turn               i - ring of protection from fire
MPRegen 0.11/turn               b - ring of poison resistance

@: no status effects
A: horns 2, retaliatory headbutt, deterioration 1, low MP 1, regeneration 2,
MP-powered wands, [deformed body], [weak 2], [no potion heal 2]
a: Renounce Religion


You were on level 2 of the Abyss.
You worshipped Hepliaklqana.
Hepliaklqana was noncommittal.
You visited 2 branches of the dungeon, and saw 12 of its levels.
You visited the Abyss 2 times.

You collected 1317 gold pieces.

Inventory:

Hand Weapons
 a - a +0 war axe of freezing (weapon)
 B - a +0 hand axe of flaming
Armour
 c - a +0 pair of boots (worn)
 p - a scarf of resistance (worn)
 r - a +0 tower shield (worn)
 v - a +0 pair of gloves (worn)
 w - a +0 plate armour (worn)
Jewellery
 b - a ring of poison resistance (right hand)
 i - a ring of protection from fire (left hand)
 m - a ring of flight
 n - a ring of ice
Wands
 g - a wand of digging (4)
 x - a wand of flame (2) (quivered)
Scrolls
 f - 2 scrolls of fog
 h - a scroll of brand weapon
 j - 3 scrolls of noise
 k - 2 scrolls of enchant weapon
 o - 2 scrolls of magic mapping
 s - 2 scrolls of enchant armour
 t - 5 scrolls of immolation
Potions
 e - 2 potions of flight


   Skills:
 + Level 9.1 Fighting
 + Level 12.9 Axes
 + Level 12.1 Armour
 + Level 9.3 Shields
 * Level 7.9 Evocations


You had 10 spell levels left.
You didn't know any spells.
Your spell library contained the following spells:

 Spells                   Type           Power      Damage    Failure   Level
 Animate Skeleton         Necr           0%         N/A       100%        1
 Pain                     Necr           0%         1d4       100%        1
 Confusing Touch          Hex            0%         N/A       100%        3
 Vampiric Draining        Necr           0%         2d6       100%        3
 Summon Forest            Summ/Tloc      0%         N/A       100%        5
 Summon Mana Viper        Hex/Summ       0%         N/A       100%        5
 Yara's Violent Unravell  Hex/Tmut       0%         3d3       100%        5
 Summon Cactus Giant      Summ           0%         N/A       100%        6
 Enfeeble                 Hex            0%         N/A       100%        7


Dungeon Overview and Level Annotations

Branches:
Dungeon (11/15)            Temple (1/1) D:5            Lair (0/6) D:9
    Orc (0/2) D:11

Altars:
Cheibriados
Dithmenos
Elyvilon
Fedhas
Gozag
Hepliaklqana
Kikubaaqudgha
Makhleb
Nemelex Xobeh
Okawaru
Qazlal
Ru
Sif Muna
Trog
Uskayaw
Vehumet
Wu Jian
Xom
Yredelemnul
The Shining One

Shops:
D:4 *[   D:11 [


Innate Abilities, Weirdness & Mutations

You have a pair of horns on your head.
You reflexively headbutt those who attack you in melee.
Your body sometimes deteriorates upon taking damage.
Your magical capacity is low. (-10% MP)
You heal very quickly.
You expend magic power (3 MP) to strengthen your wands.
[Armour fits poorly on your strangely shaped body.]
[You are very weak. (Str -4)]
[Potions cannot restore your health.]


Message History

You closely miss the fire bat.
The fire bat bites you but does no damage. x2
The red draconian hits you from afar with a +0 glaive!
The large abomination hits you! The will-o-the-wisp barely misses you.
The fire bat bites you but does no damage.
Unknown command.
You slash the fire bat! You freeze the fire bat.
The fire bat is heavily wounded.
You barely miss the will-o-the-wisp. You hit the large abomination.
You freeze the large abomination. You block the fire bat's attack. x2
The red draconian hits you from afar with a +0 glaive!
* * * LOW HITPOINT WARNING * * *
The large abomination hits you.
* * * LOW HITPOINT WARNING * * *
The will-o-the-wisp engulfs you but does no damage.
Okay, then.
Okay, then.
Okay, then.
Aiming: Throw Flame
Press: ? - help, Q - select action Shift-Dir - straight line, f - will-o-the-wisp
Aim: a will-o-the-wisp (heavily damaged, 78% to hit)
You feel a surge of power!
The puff of flame hits the will-o-the-wisp.
The will-o-the-wisp resists.
The will-o-the-wisp is severely damaged.
The fire bat barely misses you. You furiously retaliate!
You headbutt the fire bat. You block the fire bat's attack.
The red draconian barely misses you.
The will-o-the-wisp engulfs you but does no damage.
You block the large abomination's attack.
Aiming: Throw Flame
Press: ? - help, Q - select action Shift-Dir - straight line, f - fire bat, p - will-o-the-wisp
Aim: a fire bat (severely wounded, 66% to hit)
The puff of flame hits the fire bat.
The fire bat completely resists.
The fire bat is severely wounded.
The fire bat bites you but does no damage.
You block the red draconian's attack. You block the will-o-the-wisp's attack.
The fire bat bites you but does no damage.
The large abomination hits you!!
You die...

## #.##. ....
# . ###...
#.>#... # ..
....#....#.##
. ###.>.... .
#..#..# #.
.###....# #
#....##.#
##.#d####.#
.##v@bb.# .#
#X##b..# .
#.ยง ..# .#
..#. ..# ##
...##. .#
#.##. .. # ##
# #. .+


You could see a red draconian, a large abomination, a will-o-the-wisp and 3 fire
bats.

Vanquished Creatures
  A very ugly thing (D:9)
  Harold (D:11)
  2 two-headed ogres
  Pikel (D:5)
  A salamander (Abyss:2)
  6 ugly things (D:9)
  Maggie (D:7)
  2 unseen horrors
  A troll (D:9)
  2 hornets
  2 shadows
  3 wyverns
  2 fire bats (Abyss:2)
  A vampire (D:9)
  A chaos spawn (Abyss:2)
  A neqoxec (Abyss:2)
  4 vampire mosquitoes (D:11)
  3 basilisks (D:9)
  2 large abominations (Abyss:2)
  2 acid dragons
  A water moccasin (D:4)
  2 ice beasts
  Duvessa (D:7)
  A necrophage (D:5)
  A black bear (D:5)
  7 orc warriors
  2 sky beasts
  A hornet zombie (D:7)
  4 ogres
  3 centaurs
  A phantom (D:6)
  3 lemures (D:5)
  Blork the orc (D:5)
  2 kobold brigands (D:9)
  2 bullfrogs
  3 gnoll sergeants
  3 scorpions
  A water moccasin zombie (D:5)
  A water moccasin skeleton (D:6)
  Dowan (D:7)
  8 killer bees
  A howler monkey (D:9)
  10 wights
  A lava snake (D:7)
  3 centaur zombies
  A crimson imp (D:3)
  2 bullfrog zombies
  A small abomination (Abyss:2)
  4 hounds
  A jelly (D:7)
  Crazy Yiuf (D:7)
  2 orc priests
  A bullfrog skeleton (D:4)
  3 centaur skeletons
  An iguana (D:3)
  9 orc wizards
  13 gnolls
  3 adders
  A howler monkey skeleton (D:6)
  2 white imps
  An ufetubus (D:6)
  2 worms
  5 dart slugs
  20 orcs
  3 ball pythons
  6 endoplasms
  4 giant cockroaches
  10 goblins
  4 hobgoblins
  6 jackals (D:1)
  24 kobolds
  3 quokkas
  5 bats
  2 frilled lizards (D:3)
  A goblin skeleton (D:3)
  2 goblin zombies (D:3)
  2 hobgoblin zombies (D:3)
  A kobold skeleton (D:3)
  3 kobold zombies (D:3)
  An orc skeleton (D:3)
  An orc zombie (D:3)
  5 rats
259 creatures vanquished.

Vanquished Creatures (others)
  A wizard (D:10)
  A human (D:8)
  3 foxfires (Abyss:2)
  6 starspawn tentacles (Abyss:2)
11 creatures vanquished.

Grand Total: 270 creatures vanquished

Notes
Turn   | Place    | Note
-------+----------+-------------------------------------------
     0 | D:1      | cbfl8 the Minotaur Fighter began the quest for the Orb.
     0 | D:1      | Reached XP level 1. HP: 19/19 MP: 0/0
   376 | D:1      | Reached XP level 2. HP: 27/27 MP: 1/1
  1277 | D:2      | Reached XP level 3. HP: 33/33 MP: 2/2
  2143 | D:3      | Reached skill level 1 in Evocations
  2313 | D:3      | Found a shadowy altar of Dithmenos.
  2438 | D:3      | Reached XP level 4. HP: 31/40 MP: 3/3
  2673 | D:3      | Found a sparkling altar of Nemelex Xobeh.
  3056 | D:3      | Found a glowing golden altar of the Shining One.
  3257 | D:4      | Noticed an ogre
  3263 | D:3      | Killed an ogre
  3264 | D:3      | Reached XP level 5. HP: 18/46 MP: 4/4
  3272 | D:3      | Reached skill level 5 in Axes
  4452 | D:4      | Reached XP level 6. HP: 53/53 MP: 5/5
  4454 | D:4      | Reached skill level 5 in Armour
  4638 | D:4      | Found Maeshomo's Lightly-Used Armoury.
  4922 | D:4      | Found Ra's Dragon-Slaying Spoils.
  5217 | D:5      | Entered Level 5 of the Dungeon
  5248 | D:5      | Noticed Pikel
  5262 | D:5      | Killed Pikel
  5263 | D:5      | Reached XP level 7. HP: 24/60 MP: 6/6
  5546 | D:5      | Found a radiant altar of Vehumet.
  5562 | D:5      | Reached skill level 5 in Fighting
  5820 | D:5      | Noticed Blork the orc
  6155 | D:5      | Reached XP level 8. HP: 58/68 MP: 7/7
  6290 | D:5      | Killed Blork the orc
  7004 | D:5      | Found a shimmering blue altar of Sif Muna.
  7017 | D:5      | Found a staircase to the Ecumenical Temple.
  7667 | D:5      | Found a sacrificial altar of Ru.
  7890 | D:6      | Reached XP level 9. HP: 75/75 MP: 8/8
  8443 | D:6      | Reached skill level 5 in Shields
  8894 | D:7      | Found a basalt altar of Yredelemnul.
  8917 | D:7      | Noticed Maggie
  8933 | D:7      | Killed Maggie
  8934 | D:7      | Reached skill level 5 in Evocations
  9201 | D:7      | Reached skill level 10 in Axes
  9244 | D:7      | Gained mutation: Your natural rate of healing is unusually
                  | fast. [potion of mutation]
  9244 | D:7      | Gained mutation: You expend magic power (3 MP) to
                  | strengthen your wands. [potion of mutation]
  9244 | D:7      | Gained mutation: Your magical capacity is low. (-10% MP)
                  | [potion of mutation]
  9258 | D:7      | Found a hide-covered altar of Uskayaw.
  9765 | D:7      | Noticed Duvessa
  9765 | D:7      | Noticed Dowan
  9843 | D:7      | Killed Duvessa
  9851 | D:7      | Killed Dowan
  9937 | D:7      | Found a bloodstained altar of Trog.
 10034 | D:7      | Found a runed translucent door.
 10035 | D:7      | Noticed Crazy Yiuf
 10079 | D:7      | Killed Crazy Yiuf
 10196 | D:8      | Reached XP level 10. HP: 40/86 MP: 8/8
 10453 | D:8      | Found an ancient bone altar of Kikubaaqudgha.
 10980 | D:8      | Found a snail-covered altar of Cheibriados.
 11079 | D:8      | Noticed a two-headed ogre
 11085 | D:8      | Killed a two-headed ogre
 11836 | D:9      | Reached skill level 10 in Armour
 11929 | D:9      | Found a white marble altar of Elyvilon.
 13262 | D:9      | Found a staircase to the Lair.
 13447 | D:10     | Entered Level 10 of the Dungeon
 13485 | D:10     | Noticed a two-headed ogre
 13535 | D:9      | Killed a two-headed ogre
 13536 | D:9      | Reached XP level 11. HP: 38/93 MP: 8/8
 14004 | D:10     | Found an opulent altar of Gozag.
 14100 | D:10     | Noticed a white ugly thing
 14100 | D:10     | Noticed a cyan ugly thing
 14103 | D:10     | Noticed a brown ugly thing
 14109 | D:10     | Noticed a purple ugly thing
 14295 | D:9      | Killed a brown ugly thing
 14948 | D:9      | Killed a purple ugly thing
 14967 | D:9      | Killed a white ugly thing
 15061 | D:10     | Noticed a brown ugly thing
 15070 | D:10     | Noticed a wizard
 15336 | D:11     | Noticed Harold
 15358 | D:11     | Killed Harold
 15697 | Temple   | Entered the Ecumenical Temple
 15733 | Temple   | Became a worshipper of Hepliaklqana the Forgotten
 15927 | D:11     | Found Lyelau's Armour Shop.
 15929 | D:11     | Found a staircase to the Orcish Mines.
 16155 | D:10     | Noticed a green ugly thing
 16160 | D:10     | Noticed a green very ugly thing
 16193 | D:9      | Killed a green ugly thing
 16210 | D:9      | Killed a green very ugly thing
 16396 | D:9      | Killed a white ugly thing
 16520 | D:9      | Killed a white ugly thing
 16681 | D:10     | Cast into level 2 of the Abyss (a wizard)
 16681 | Abyss:2  | Found a corrupted altar of Lugonu.
 16695 | Abyss:2  | Noticed a large abomination
 16709 | Abyss:2  | Noticed a deep elf demonologist
 16711 | Abyss:2  | Noticed a tentacled starspawn
 16711 | Abyss:2  | Noticed a large abomination
 16719 | Abyss:2  | Noticed a starcursed mass
 16778 | Abyss:2  | Noticed a naga warrior
 16815 | Abyss:2  | Gained mutation: You heal very quickly. [a neqoxec]
 16824 | Abyss:2  | Gained mutation: Your body sometimes deteriorates upon
                  | taking damage. [a neqoxec]
 16918 | Abyss:2  | Noticed an angel
 16926 | Abyss:2  | Noticed a thrashing horror
 16972 | Abyss:2  | Noticed a wretched star
 16990 | Abyss:2  | Noticed a thrashing horror
 16994 | Abyss:2  | Noticed an Executioner
 16995 | D:10     | Escaped the Abyss
 16995 | D:10     | Noticed a wizard
 16996 | D:10     | Identified a scroll of acquirement
 16996 | D:10     | Acquired 769 gold pieces
 17384 | D:10     | Killed a wizard
 17615 | D:10     | Cast into level 2 of the Abyss (a wizard)
 17641 | Abyss:2  | Noticed a red draconian
 17666 | Abyss:2  | Mangled by a large abomination

Illustrated notes

Levels and vault maps discovered:
D:1:      dpeg_arrival_rhombi, layout_basic, due_unseen_surprise
D:2:      layout_loops_corners, chequers_serial_rivers_micro_b
D:3:      layout_basic, mainiacjoe_overflow_alcove_1,
          lemuel_coloured_pillars_altar, nicolae_tso_besieged_by_evil,
          kennysheep_doodads, minmay_goblin_kobold_house
D:4:      layout_cave_pools, minmay_shop_damaged, nicolae_shop_dragon_depot,
          hex_medium, chequers_serial_rivers_small_3
D:5:      layout_rooms, kennysheep_mini, fiery_altar_vehumet,
          nicolae_ru_path_of_blood, minmay_temple_entry_glassed_door,
          st_stairs_5, minmay_circle_x, uniq_pikel, uniq_blork_the_orc
D:6:      layout_gridville
D:7:      layout_rooms, lemuel_tele_altar, nicolae_uskayaw_suspiria,
          overflow_temple_1_default, minmay_bent, uniq_crazy_yiuf_cottage,
          uniq_duvessa, uniq_maggie
D:8:      layout_loops_ring, mainiacjoe_overflow_boulevard, tgw_kikubaaqudgha
D:9:      layout_rooms, elyvilon_altar_5, erik_lair_dragon, nicolae_sextant
D:10:     cheibrodos_breeding_chamber, layout_loops_ring, marbit_many_paths,
          kennysheep_small_circle
D:11:     layout_loops_cross, orc_david_3, uniq_harold, uniq_psyche
Temple:   compressed_dpeg_triangle_lava_temple
Abyss:2:  base: D:5, evilmike_abyss_exit_vortex, base: D:4,
          hangedman_abyss_or_decor_lesser_grid, evilmike_abyss_exit_12

Skill      XL: |  1  2  3  4  5  6  7  8  9 10 11 |
---------------+----------------------------------+-----
Armour         | 4 6 8 9 10 12 | 12.1
Axes           | 3 4 5 7 8 10 11 12 | 12.9
Fighting       | 4 5 7 8 9 |  9.1
Evocations     | 1 2 3 4 5 6 7 |  7.9
Shields        | 4 5 7 9 |  9.3

Action                   |  1- 3 |  4- 6 |  7- 9 | 10-12 || total
-------------------------+-------+-------+-------+-------++-------
Melee: War axe           |    88 |   104 |   275 |   477 ||   944
       Headbutt          |     8 |    12 |    43 |   101 ||   164
Throw: Throwing net      |       |       |       |     1 ||     1
Evoke: Wand              |       |       |    12 |    36 ||    48
  Use: Scroll            |     3 |     1 |     8 |    18 ||    30
       Potion            |       |     2 |    10 |     6 ||    18
Armor: Scale mail        |    35 |    44 |   119 |       ||   198
       Chain mail        |       |       |    33 |       ||    33
       Plate armour      |       |       |    26 |   440 ||   466
Dodge: Dodged            |    38 |    47 |   124 |    85 ||   294
Block: Buckler           |    15 |    15 |    66 |       ||    96
       Tower shield      |       |       |    28 |   458 ||   486
